 Dungeon Crawl Stone Soup version 0.30-a0-718-geaa24f58ff (webtiles) character file.

Game seed: 341488973770027656

2323 Darius099 the Grappler (level 9, -6/88 HPs)
             Began as a Troll Monk on Jan 25, 2023.
             Shot with a bolt by an orc warrior (10 damage)
             ... on level 7 of the Dungeon.
             The game lasted 00:15:15 (5219 turns).

Darius099 the Grappler (Troll Monk)                 Turns: 5219, Time: 00:15:15

Health: -6/88      AC:  4    Str: 27    XL:     9   Next: 19%
Magic:  8/8        EV: 13    Int:  6    God:
Gold:   367        SH:  0    Dex: 22    Spells: 8/8 levels left

rFire   . . .      SeeInvis .      - Unarmed
rCold   . . .      Faith    .    (no shield)
rNeg    . . .      Spirit   .    z - +0 robe
rPois   .          Reflect  .    (helmet restricted)
rElec   .          Harm     .    (no cloak)
rCorr   .          Rampage  .    (gloves unavailable)
Will    .....                    (boots unavailable)
Stlth   +                        (no amulet)
HPRegen 1.14/turn                h - +6 ring of strength
MPRegen 0.11/turn                s - +6 ring of dexterity

@: confused, ambrosia-drunk
A: large, unfitting armour, claws 3, regeneration 1, shaggy fur 1, tough skin 1
a: no special abilities


You were on level 7 of the Dungeon.
You visited 2 branches of the dungeon, and saw 8 of its levels.
You also visited: Sewer.

You collected 367 gold pieces.

Inventory:

Armour
 z - a +0 robe (worn)
Jewellery
 h - a +6 ring of strength (left claw)
 j - a ring of flight
 r - a ring of fire
 s - a +6 ring of dexterity (right claw)
Wands
 t - a wand of roots (6)
 y - a wand of quicksilver (16)
Scrolls
 c - 4 scrolls of teleportation {unknown}
 d - 6 scrolls of identify {unknown}
 f - a scroll of vulnerability {unknown}
 i - 2 scrolls of enchant armour {unknown}
 k - a scroll of fog {unknown}
 q - 3 scrolls of magic mapping {unknown}
 u - a scroll of amnesia {unknown}
 v - a scroll of brand weapon {unknown}
 w - 4 scrolls of enchant weapon {unknown}
 B - a scroll of blinking {unknown}
 E - a scroll of fear {unknown}
Potions
 a - a potion of flight {unknown}
 b - a potion of ambrosia
 e - a potion of invisibility {unknown}
 g - 2 potions of lignification
 l - a potion of berserk rage {unknown}
 m - 4 potions of haste {unknown}
 n - a potion of degeneration {unknown}
 o - 2 potions of might {unknown}
 p - 3 potions of curing {unknown}
 x - 2 potions of resistance {unknown}
 A - a potion of brilliance {unknown}
 C - a potion of mutation {unknown}
 D - 2 potions of attraction {unknown}


   Skills:
 + Level 5.2 Fighting
 + Level 5.2 Dodging
 - Level 1.1 Stealth
 - Level 10.0 Unarmed Combat


You had 8 spell levels left.
You didn't know any spells.
Your spell library contained the following spells:

 Spells                   Type           Power      Damage    Failure   Level
 Beastly Appendage        Tmut           0%         N/A       45%         1
 Wereblood                Tmut           0%         N/A       58%         2
 Spider Form              Tmut/Pois      0%         N/A       83%         3
 Animate Armour           Summ/Erth      0%         N/A       99%         4
 Blade Hands              Tmut           0%         N/A       100%        5
 Iron Shot                Conj/Erth      0%         9d1       100%        6


Dungeon Overview and Level Annotations

Branches:
Dungeon (7/15)             Temple (1/1) D:6           Sewer (visited)

Altars:
Cheibriados
Dithmenos
Fedhas
Gozag
Hepliaklqana
Nemelex Xobeh
Okawaru
Qazlal
Ru
Sif Muna
Trog
Uskayaw
Vehumet
Wu Jian
Xom
Yredelemnul
Zin

Shops:
D:1 !   D:6 (*=(*

Annotations:
D:3 samgaumpmail's ghost, amateur HuNe


Innate Abilities, Weirdness & Mutations

You are too large for most types of armour.
You have claws for hands.
Your natural rate of healing is unusually fast.
You are covered in fur. (AC +1)
You have tough skin. (AC +1)


Message History

The orc barely misses you.
The orc warrior hits you with a +0 battleaxe!!
The orc warrior unwields a +0 war axe.
The orc warrior wields a +0 arbalest.
The orc warrior shoots a bolt.
The bolt closely misses you. The orc warrior closely misses you.
The orc warrior throws a boomerang.
The boomerang misses you.
The orc priest miscasts a cantrip.
The orc closely misses you.
You scratch the orc.
The orc is moderately wounded.
An orc comes into view. It is wielding a +0 whip.
The orc misses you.
The orc shouts!
You claw the orc!
You kill the orc!
The orc closely misses you.
You closely miss the orc warrior.
The orc hits you from afar with a +0 trident.
You scratch the orc warrior but do no damage.
The orc warrior shoots a bolt.
The bolt hits you!
The orc hits you from afar with a +0 trident!
The orc warrior closely misses you.
You completely miss the orc warrior.
The orc warrior shoots a bolt.
The bolt hits you!!
* * * LOW HITPOINT WARNING * * *
You claw the orc warrior!
The orc warrior is moderately wounded.
The orc hits you from afar with a +0 trident!
* * * LOW HITPOINT WARNING * * *
The orc warrior hits you with a +0 battleaxe!
* * * LOW HITPOINT WARNING * * *
The orc warrior shoots a bolt.
The bolt barely misses you.
You are confused.
You feel invigorated. The orc hits you with a +0 whip.
* * * LOW HITPOINT WARNING * * *
The orc hits you from afar with a +0 trident.
* * * LOW HITPOINT WARNING * * *
The orc warrior hits you but does no damage.
The orc warrior shoots a bolt.
The bolt hits you!
You die...

#.#
#.##.........###.#
#.# #.####.#####.#
#.# #.# #.# .#
#.######.# #.# #.#
.# #####.<......#
#.####.# .#
......<#######
#......# .#
#####.## #..#####
.# #.# ###o.# #.#
#o)@.# #.# #o##o#
#.########.##.#
......)...o##.#
#.#.######o##.#
#o# .# #o# .# #.#
.# #.##


You could see 2 orc warriors and 2 orcs.

Vanquished Creatures
  A steam dragon (D:5)
  A water moccasin (D:5)
  2 black bears
  3 ogres
  An orc warrior (D:6)
  A sky beast (D:4)
  An ice beast (D:4)
  2 kobold brigands (Sewer)
  2 phantoms
  2 scorpions (D:5)
  A necrophage (D:5)
  2 jellies
  A quasit (D:3)
  8 hounds
  An orc priest (D:6)
  Ijyb (D:4)
  2 iguanas
  5 orc wizards
  12 adders
  5 gnolls
  2 river rats (Sewer)
  2 shadow imps (D:6)
  A white imp (D:6)
  2 worms
  4 dart slugs
  17 orcs
  5 endoplasms
  4 giant cockroaches
  6 hobgoblins
  7 jackals
  4 quokkas (D:5)
  6 ball pythons
  2 bats (D:1)
  8 frilled lizards
  8 goblins
  13 kobolds
  11 rats
156 creatures vanquished.

Vanquished Creatures (others)
  A hound (D:5)
  An ufetubus (D:5)
2 creatures vanquished.

Grand Total: 158 creatures vanquished

Notes
Turn   | Place    | Note
-------+----------+-------------------------------------------
     0 | D:1      | Darius099 the Troll Monk began the quest for the Orb.
     0 | D:1      | Reached XP level 1. HP: 22/22 MP: 0/0
    25 | D:1      | Reached XP level 2. HP: 9/29 MP: 1/1
   344 | D:1      | Reached XP level 3. HP: 24/36 MP: 2/2
   360 | D:1      | Found Edumigopea's Distillery.
   625 | D:2      | Reached skill level 4 in Unarmed Combat
   629 | D:2      | Reached XP level 4. HP: 44/44 MP: 3/3
   909 | D:2      | Found a glowing silver altar of Zin.
  1465 | D:3      | Reached skill level 5 in Unarmed Combat
  1635 | D:3      | Found a hazy altar of Hepliaklqana.
  1702 | D:3      | Found a transporter.
  1706 | D:3      | Noticed samgaumpmail's ghost (amateur HuNe)
  1760 | D:3      | Found a transporter.
  1878 | D:3      | Found a sacrificial altar of Ru.
  1879 | D:3      | Found a radiant altar of Vehumet.
  1952 | D:3      | Reached XP level 5. HP: 49/50 MP: 4/4
  2142 | D:4      | Noticed Ijyb
  2161 | D:4      | Killed Ijyb
  2162 | D:4      | Reached skill level 6 in Unarmed Combat
  2340 | D:4      | Noticed an ice beast
  2351 | D:4      | Killed an ice beast
  2352 | D:4      | Reached skill level 7 in Unarmed Combat
  2352 | D:4      | Reached XP level 6. HP: 27/59 MP: 5/5
  2392 | D:4      | Noticed a sky beast
  2402 | D:4      | Killed a sky beast
  2485 | D:4      | Found a shimmering blue altar of Sif Muna.
  2599 | D:4      | Reached skill level 8 in Unarmed Combat
  2599 | D:4      | Reached XP level 7. HP: 27/66 MP: 6/6
  2858 | D:5      | Entered Level 5 of the Dungeon
  2899 | D:5      | Found a glowing drain.
  2947 | Sewer    | Entered a sewer
  3469 | Sewer    | Reached skill level 9 in Unarmed Combat
  3558 | D:5      | Found a bloodstained altar of Trog.
  3699 | D:5      | Noticed a steam dragon
  3711 | D:5      | Killed a steam dragon
  3712 | D:5      | Reached skill level 10 in Unarmed Combat
  3712 | D:5      | Reached XP level 8. HP: 63/74 MP: 7/7
  4172 | D:6      | Found Wuwuoshra's Assorted Antiques.
  4173 | D:6      | Found Gaidiar's General Store.
  4201 | D:6      | Found Vofam's Weapon Shop.
  4285 | D:6      | Found a staircase to the Ecumenical Temple.
  4311 | D:6      | Reached XP level 9. HP: 73/85 MP: 8/8
  4315 | Temple   | Entered the Ecumenical Temple
  4578 | D:6      | Found Rojet's Jewellery Shop.
  4732 | D:6      | Found Usaocy's Weapon Emporium.
  4735 | D:6      | Reached skill level 5 in Fighting
  4735 | D:6      | Reached skill level 5 in Dodging
  4933 | D:6      | Found a snail-covered altar of Cheibriados.
  5218 | D:7      | HP: 4/88 [orc warrior/+0 battleaxe (11)]
  5219 | D:7      | Shot with a bolt by an orc warrior

Illustrated notes

Levels and vault maps discovered:
D:1:      minmay_arrival_up_and_down, layout_basic, serial_shops, shop,
          minivault_11
D:2:      layout_basic, basic_altar, minmay_tetromino_i2
D:3:      layout_loops_ring, nicolae_hepliaklqana_hazy_memory,
          nicolae_overflow_two_pavilions, gammafunk_ghost_stat_death
D:4:      layout_basic, kennysheep_mini, minmay_small_thing, uniq_ijyb
D:5:      minmay_chambers_of_threes, layout_rooms, bloody_trog,
          gup_sewer_entry_pipe
D:6:      layout_loops_ring, mainiacjoe_overflow_alcove_1,
          minmay_temple_entry_waves, serial_shops, shop,
          nicolae_shop_hallway_stairs, nicolae_stop_n_shop_2, shop,
          nicolae_lakefront_shop
D:7:      layout_loops_ring, mainiacjoe_overflow_concentric_impassable
Temple:   bh_familiar_temple

Skill      XL: |  1  2  3  4  5  6  7  8  9 |
---------------+----------------------------+-----
Unarmed Combat | 4 5 7 8 10 | 10.0
Fighting       | 4 5 |  5.2
Dodging        | 4 5 |  5.2
Stealth        | |  1.1

Action                     |  1- 3 |  4- 6 |  7- 9 || total
---------------------------+-------+-------+-------++-------
  Melee: Unarmed           |    71 |    98 |   201 ||   370
         Punch             |       |     2 |     6 ||     8
    Use: Potion            |       |     1 |     1 ||     2
   Stab: Sleeping          |     1 |     6 |     1 ||     8
 Armour: Robe              |    59 |    36 |    37 ||   132
         Skin              |       |     9 |       ||     9
  Dodge: Dodged            |    69 |    62 |   107 ||   238

Table legend: (Time is in decaauts)
 A = Elapsed time spent in this place.
 B = Non-inter-level travel time spent in this place.
 C = Inter-level travel time spent in this place.
 D = Time resting spent in this place.
 E = Time spent auto-exploring this place.
 F = Levels seen in this place.
 G = Mean time per level.
                   A        B        C        D        E       F      G
               +--------+--------+--------+--------+--------+-----+--------+
         Total |   5170 |   4912 |    258 |     73 |   3204 |   9 |  574.4 |
       Dungeon |   4377 |   4174 |    203 |     73 |   2694 |   7 |  625.3 |
        Temple |    221 |    166 |     55 |      0 |    162 |   1 |  221.0 |
         Sewer |    571 |    571 |      0 |      0 |    348 |   1 |  571.0 |
               +--------+--------+--------+--------+--------+-----+--------+

Top non-repeatable levels by time:
     D:4: 843 daAuts
     D:2: 739 daAuts
     D:6: 707 daAuts
     D:5: 698 daAuts
     D:3: 643 daAuts
     D:1: 612 daAuts
   Sewer: 571 daAuts
  Temple: 221 daAuts
     D:7: 133 daAuts
